 Dungeon Crawl Stone Soup version 0.31-a0-1074-g0b22e4e0f1 (webtiles) character file.

Game seed: 16051211151455304768

266 lunkers the Ruffian (level 6, -1/47 HPs)
             Began as a Meteoran Shapeshifter on Dec 8, 2023.
             Slain by a wyvern (8 damage)
             ... on level 6 of the Dungeon.
             The game lasted 00:03:22 (1829 turns).

lunkers the Ruffian (Meteoran Shapeshifter)         Turns: 1829, Time: 00:03:22

Health: -1/47      AC:  5    Str: 16    XL:     6   Next: 73%
Magic:  7/7        EV: 11    Int: 12    God:
Gold:   236        SH:  0    Dex: 15    Spells: 5/5 levels left

rFire   + .          .
                       - Unarmed
rCold   . . .        (no shield)
rNeg    . . .        n - +0 ring mail
rPois   .            (helmet currently unavailable)
rElec   .            (cloak currently unavailable)
rCorr   .            (gloves currently unavailable)
SInv    .            (boots currently unavailable)
Will    .....        (no amulet)
Stlth   +            f - ring of protection from fire
HPRegen 0.27/turn    h - +4 ring of slaying
MPRegen 0.10/turn

%: no passive effects
@: beast-form, slowed, glowing, very slow
A: beast (slay +3), sense surroundings 1, otherworldly, glowing, explore regen
a: Begin Untransformation


You were on level 6 of the Dungeon.
You were a hulking beast.
You visited 1 branch of the dungeon, and saw 6 of its levels.

You collected 236 gold pieces.

Inventory:

Armour
 a - a +0 animal skin
 l - a +0 cloak
 n - a +0 ring mail (worn)
Jewellery
 f - a ring of protection from fire (left hand)
 h - a +4 ring of slaying (right hand)
Talismans
 c - a beast talisman
 d - a flux talisman
Wands
 e - a wand of iceblast (13)
 j - a wand of charming (6)
Potions
 b - a potion of lignification
 g - a potion of brilliance {unknown}
 i - 2 potions of haste
 k - a potion of attraction
 m - a potion of resistance {unknown}
 o - a potion of heal wounds {unknown}


   Skills:
 - Level 1.1 Fighting
 - Level 2.1 Dodging
 * Level 6.9 Unarmed Combat
 + Level 5.3 Shapeshifting


You had 5 spell levels left.
You didn't know any spells.
Your spell library contained the following spells:

 Spells                   Type           Power      Damage    Failure   Level
 Cigotuvi's Dreadful Rot  Necr/Pois/Air  0%         N/A       67%         2
 Dispel Undead            Necr           0%         3d6       99%         4
 Death Channel            Necr           0%         N/A       100%        6


Dungeon Overview and Level Annotations

Branches:
Dungeon (6/15) Zot: 1780
 Temple: D:4-7

Altars:
Sif Muna

Shops:
D:4 [

Annotations:
D:4 2 transporters


Innate Abilities, Weirdness & Mutations

You are a hulking beast.
Your limbs bulge with bestial killing power. (Slay +3)
You passively map a small area around you.
You are easily found by Zot.
You glow in the dark.
You regain HP and MP as you explore.


Message History

The ufetubus completely misses you.
The kobold brigand throws a curare-tipped dart.
The curare-tipped dart hits you.
You are poisoned.
You have difficulty breathing.
* * * LOW HITPOINT WARNING * * *
You feel yourself slow down.
Unknown command.
Found a scroll labelled IQEONIE VACA.
You feel very sick. The ufetubus misses you. x2
The ufetubus hits you but does no damage. x2
The howler monkey hoots and howls with incredible vigour!
The ufetubus slips past you!
The ufetubus hits you but does no damage. x2
The ufetubus barely misses you. The ufetubus closely misses you.
The ufetubus barely misses you.
The ufetubus hits you but does no damage.
You hear a shout!
You hear an angry hiss.
You hear a bark!
You hear an angry hiss.
You feel sick. The ufetubus misses you. The ufetubus closely misses you. x2
The ufetubus misses you. The ufetubus barely misses you. x2
The ufetubus misses you.
The ufetubus hits you but does no damage.
You feel sick. The ufetubus barely misses you. The ufetubus misses you.
The howler monkey hoots and howls with incredible vigour!
You hear a shout! x2
You feel sick. The wyvern bites you.
* * * LOW HITPOINT WARNING * * *
The ufetubus slips past you! The ufetubus barely misses you.
The ufetubus misses you.
A kobold comes into view. It is wielding a +0 dagger.
You closely miss the ufetubus.
You feel sick.
You are no longer poisoned.
The wyvern bites you but does no damage.
The ufetubus hits you but does no damage.
The ufetubus barely misses you. The ufetubus closely misses you.
The ufetubus hits you but does no damage.
The wyvern bites you!
You die...

....?........
.##......:....# *
...............
..#............ ,
...............?
,
................
* #....)....... ,
, , #...5........
> #...h........
###.hl5#K...... *
, *
*#....KK#.....>.,
, #....[K.......(
,
#.?...KKK........
*
###..............
#.............. ,
*#.....K........,
,
#...............


You could see a wyvern, a kobold brigand, a howler monkey (catching breath), 2
ufetubi and 7 kobolds.

Vanquished Creatures
  A steam dragon (D:6)
  A scorpion (D:4)
  2 gnolls
  A shadow imp (D:3)
  A worm (D:2)
  2 dart slugs (D:4)
  4 orcs
  4 endoplasms
  3 giant cockroaches
  A goblin (D:1)
  6 hobgoblins
  3 quokkas
  4 ball pythons
  A frilled lizard (D:2)
  3 kobolds
  4 rats
41 creatures vanquished.

Notes
Turn   | Place    | Note
-------+----------+-------------------------------------------
     0 | D:1      | lunkers the Meteoran Shapeshifter began the quest for the
                  | Orb.
     0 | D:1      | Reached XP level 1. HP: 16/16 MP: 2/2
   232 | D:1      | Reached skill level 4 in Unarmed Combat
   232 | D:1      | Reached XP level 2. HP: 22/23 MP: 3/3
   809 | D:2      | HP: 1/23 [worm (6)]
   811 | D:2      | Reached XP level 3. HP: 2/28 MP: 4/4
  1105 | D:2      | Glimpsed the power of Zot.
  1390 | D:3      | Found a shimmering blue altar of Sif Muna.
  1482 | D:4      | Reached XP level 4. HP: 35/35 MP: 5/5
  1534 | D:4      | Reached skill level 5 in Unarmed Combat
  1537 | D:4      | Found Osasmiak's Antique Armour Shop.
  1539 | D:4      | Found a transporter.
  1657 | D:4      | Noticed a scorpion
  1663 | D:4      | Killed a scorpion
  1664 | D:4      | Reached XP level 5. HP: 40/40 MP: 6/6
  1735 | D:4      | Found a transporter.
  1780 | D:5      | Entered Level 5 of the Dungeon
  1793 | D:5      | Noticed a gnoll sergeant
  1812 | D:6      | Noticed a steam dragon
  1814 | D:6      | Reached skill level 6 in Unarmed Combat
  1821 | D:6      | Killed a steam dragon
  1821 | D:6      | Noticed a kobold brigand
  1822 | D:6      | Reached skill level 5 in Shapeshifting
  1822 | D:6      | Reached XP level 6. HP: 20/47 MP: 7/7
  1822 | D:6      | Noticed a wyvern
  1829 | D:6      | Slain by a wyvern

Illustrated notes

Levels and vault maps discovered:
D:1:      wheals_arrival_shading, layout_loops_ring,
          nicolae_ecumenical_lake_church, st_stairs_12, minmay_statues_item,
          grunt_decor_cap
D:2:      layout_loops_ring, serial_forest, infiniplex_forest_straight_5,
          infiniplex_forest_clump_cross, infiniplex_forest_straight_2,
          infiniplex_forest_diagonal, infiniplex_forest_clump_medium,
          infiniplex_forest_clump_diagonal, infiniplex_forest_split,
          infiniplex_forest_straight_2, infiniplex_forest_clump_curved,
          hex_medium
D:3:      layout_loops_cross, lemuel_doored_altar
D:4:      gammafunk_steamed_eel, layout_cave_pools, serial_shops,
          nicolae_shop_window_shopping
D:5:      layout_basic, temple_statues, uniq_eustachio, uniq_menkaure,
          uniq_duvessa
D:6:      layout_rooms, serial_shops, nicolae_shop_crystal, uniq_pikel

Skill      XL: |  1  2  3  4  5 |
---------------+----------------+-----
Unarmed Combat | 4 5 6 |  6.9
Shapeshifting  | 4 5 |  5.3
Fighting       | |  1.1
Dodging        | |  2.1

Action                     |  1- 3 |  4- 6 || total
---------------------------+-------+-------++-------
  Melee: Unarmed           |    83 |    34 ||   117
         Punch             |     5 |     1 ||     6
    Use: Scroll            |       |     4 ||     4
 Armour: Animal skin       |    20 |       ||    20
         Ring mail         |     3 |    32 ||    35
  Dodge: Dodged            |    23 |    33 ||    56

Table legend: (Time is in decaauts)
 A = Elapsed time spent in this place.
 B = Non-inter-level travel time spent in this place.
 C = Inter-level travel time spent in this place.
 D = Time resting spent in this place.
 E = Time spent auto-exploring this place.
 F = Levels seen in this place.
 G = Mean time per level.
                   A        B        C        D        E       F      G
               +--------+--------+--------+--------+--------+-----+--------+
         Total |   1818 |   1791 |     27 |      0 |   1403 |   6 |  303.0 |
       Dungeon |   1818 |   1791 |     27 |      0 |   1403 |   6 |  303.0 |
               +--------+--------+--------+--------+--------+-----+--------+

Top non-repeatable levels by time:
     D:2: 815 daAuts
     D:3: 342 daAuts
     D:1: 312 daAuts
     D:4: 299 daAuts
     D:5: 31 daAuts
     D:6: 18 daAuts
